 Dungeon Crawl Stone Soup version 0.24-a0-416-g56ce5178b7 (webtiles) character file.

Game seed: 4718169892226034961

56 ohad the Insei (level 3, -1/24 HPs)
             Began as an Octopode Transmuter on June 8, 2019.
             Slain by a rat (3 damage)
             ... on level 2 of the Dungeon.
             The game lasted 00:03:04 (1347 turns).

ohad the Insei (Octopode Transmuter)                Turns: 1347, Time: 00:03:04

Health: -1/24      AC:  1    Str:  9    XL:     3   Next: 97%
Magic:  4/6        EV: 13    Int: 16    God:
Gold:   81         SH:  0    Dex: 12    Spells: 5/6 levels left

rFire    . . .     SeeInvis .     - Unarmed
rCold    . . .     Gourm    .   (no shield)
rNeg     . . .     Faith    .   (helmet restricted)
rPois    .         Spirit   .   (no amulet)
rElec    .         Reflect  .   (no ring)
rCorr    .         Harm     .   (no ring)
MR       .....                  (no ring)
Stlth    ++........             (no ring)
HPRegen  0.08/turn              (no ring)
MPRegen  0.10/turn              (no ring)
                                (no ring)
                                (no ring)

@: appendage, very slightly contaminated
A: almost no armour, stealthy swim, amphibious, 8 rings, constrict 8, tentacle
spike 3, camouflage 1, gelatinous body 1
a: End Transformation


You were on level 2 of the Dungeon.
You were not hungry.
One of your tentacles had a temporary spike.
You visited 1 branch of the dungeon, and saw 2 of its levels.

You collected 81 gold pieces.

Inventory:

Missiles
 a - 34 arrows
Wands
 b - a wand of random effects (15)
Scrolls
 d - 2 scrolls of identify {unknown}
 e - 2 scrolls of blinking {unknown}
 f - a scroll of immolation {unknown}
Potions
 g - a potion of curing {unknown}
 h - 2 potions of lignification {unknown}
Comestibles
 c - 3 rations


   Skills:
 * Level 2.0 Fighting
 + Level 2.4 Dodging
 + Level 4.1 Unarmed Combat
 - Level 2.0 Spellcasting
 - Level 2.0 Transmutations


You had 5 spell levels left.
You knew the following spells:

 Your Spells              Type           Power        Failure   Level  Hunger
a - Beastly Appendage     Tmut           #.....       9%          1    #......

Your spell library contained the following spells:

 Spells                   Type           Power        Failure   Level  Hunger
 Sticks to Snakes         Tmut           #.......     14%         2    ###....
 Spider Form              Tmut/Pois      #.........   38%         3    ###....
 Ice Form                 Ice/Tmut       #.......     80%         4    #####..
 Blade Hands              Tmut           #.........   94%         5    ######.


Dungeon Overview and Level Annotations

Branches:
Dungeon (2/15)

Altars:


Innate Abilities, Weirdness & Mutations

You cannot wear most types of armour.
You are very stealthy in the water. (Stealth+)
You are amphibious.
You can wear up to eight rings at the same time.
You can use your tentacles to constrict eight enemies at once.
Your skin changes colour to match your surroundings (Stealth+).
Your rubbery body absorbs attacks. (AC +1, EV +1)
One of your tentacles bears a large vicious spike.


Message History

Casting: Beastly Appendage (safe; 9% risk of failure)
Confirm with . or Enter, or press ? or * to list all spells.
One of your tentacles grows a vicious spike.
The jackal barks!
The jackal stops to sniff the ground.
The rat barely misses you.
Unknown command.
The jackal barks!
You tentacle-slap the rat but do no damage.
Your grab misses the rat.
You pierce the rat.
The rat is heavily wounded.
The rat barely misses you.
Casting: Beastly Appendage (safe; 9% risk of failure)
Confirm with . or Enter, or press ? or * to list all spells.
You don't know that spell.
You tentacle-slap the rat but do no damage.
Your grab misses the rat.
The rat is heavily wounded.
The rat bites you.
You die...

..##+###### ### ..........#
#.. ......>...# #..
..........# ##.. #.........#
#... #h........###### #...
#............... +...
#h#######.#################...
h........hghr@............'...
..########h###########.#.##...
#............... #.#.##...
#.######.#######.##.#.#####
................#.........
.#######'###########.#####
........................#
######.....########.###.#
#........#.......#


You could see 3 jackals, a goblin and a rat.

Vanquished Creatures
  Natasha (D:2)
  A dart slug (D:1)
  A leopard gecko (D:1)
  3 goblins
  6 hobgoblins (D:1)
  A jackal (D:2)
  A quokka (D:2)
  4 bats
  5 kobolds
  5 rats (D:1)
28 creatures vanquished.

Notes
Turn   | Place    | Note
-------+----------+-------------------------------------------
     0 | D:1      | ohad the Octopode Transmuter began the quest for the Orb.
     0 | D:1      | Reached XP level 1. HP: 13/13 MP: 3/3
    26 | D:1      | Reached XP level 2. HP: 8/18 MP: 3/5
   760 | D:1      | Reached XP level 3. HP: 19/23 MP: 6/6
  1323 | D:2      | Noticed Natasha
  1333 | D:2      | Killed Natasha
  1333 | D:2      | Reached skill level 4 in Unarmed Combat
  1347 | D:2      | Slain by a rat

Levels and vault maps discovered:
D:1:      mushboom_english_gardens, layout_loops_cross, bh_walls_and_bars
D:2:      layout_basic, minivault_27, trog_three_pillars_becter, uniq_natasha

Skill      XL: |  1  2  3 |
---------------+----------+-----
Fighting       | 2 |  2.0
Unarmed Combat | 4 |  4.1
Dodging        | |  2.4
Spellcasting   | |  2.0
Transmutations | |  2.0

Action                   || total
-------------------------++-------
Melee: Unarmed           ||    63
       Tentacles         ||     8
       Constrict         ||    16
       Kick              ||    10
       Punch             ||     1
 Cast: Beastly Appendage ||     7
 Stab: Sleeping          ||     2
  Eat: Chunk             ||     1
Armor: Skin              ||     7
Dodge: Dodged            ||    54

Table legend:
 A = Non-vault XP
 B = Vault XP
 C = Vault XP percentage of total XP
 D = Non-vault monster count
 E = Vault monster count
 F = Vault count percentage of total count
                 A         B        C        D         E       F
            +---------+---------+-------+---------+---------+-------
      Total |      46 |      35 |  43.2 |      27 |       1 |   3.6
            +---------+---------+-------+---------+---------+-------
        D:1 |      35 |       0 |   0.0 |      21 |       0 |   0.0
        D:2 |      11 |      35 |  76.1 |       6 |       1 |  14.3
            +---------+---------+-------+---------+---------+-------
